 Dungeon Crawl Stone Soup version 0.28.0 (webtiles) character file.

Game seed: 11108347526074416880

140 dorian the Sneak (level 5, -5/42 HPs)
             Began as a Naga Fire Elementalist on Feb 11, 2022.
             Slain by Menkaure (19 damage)
             ... on level 4 of the Dungeon.
             The game lasted 00:04:49 (4377 turns).

dorian the Sneak (Naga Fire Elementalist)           Turns: 4377, Time: 00:04:50

Health: -5/42      AC:  2    Str: 10    XL:     5   Next: 23%
Magic:  12/18      EV: 10    Int: 18    God:
Gold:   87         SH:  0    Dex: 11    Spells: 0/9 levels left

rFire   . . .      SeeInvis +   (no weapon)
rCold   . . .      Faith    .   (no shield)
rNeg    . . .      Spirit   .   a - +0 robe
rPois   +          Reflect  .   (no helmet)
rElec   .          Harm     .   (no cloak)
rCorr   .          Rampage  .   (no gloves)
Will    .....                   (no barding)
Stlth   +++.......              (no amulet)
HPRegen 0.14/turn               f - ring of magical power
MPRegen 0.16/turn               d - ring of wizardry

@: weak-willed, very slow
A: AC +1, large, see invisible, deformed body, poison resistance, slowness 2,
spit poison 1, naga tail 1
a: Spit Poison


You were on level 4 of the Dungeon.
You visited 1 branch of the dungeon, and saw 4 of its levels.

You collected 87 gold pieces.

Inventory:

Armour
 a - a +0 robe (worn)
Jewellery
 b - a ring of willpower
 d - a ring of wizardry (right hand)
 f - a ring of magical power (left hand)
 j - a +4 ring of protection
Scrolls
 g - 3 scrolls of identify
 i - 2 scrolls of magic mapping
 l - a scroll of noise {unknown}
Potions
 e - 2 potions of degeneration
 h - a potion of mutation {unknown}
 m - a potion of cancellation {unknown}


   Skills:
 + Level 2.3 Dodging
 + Level 4.5 Stealth
 + Level 2.7 Spellcasting
 + Level 2.1 Conjurations
 + Level 3.7 Fire Magic


You couldn't memorise any spells.
You knew the following spells:

 Your Spells              Type           Power      Damage    Failure   Level
a - Foxfire               Conj/Fire      52%        2x1d6     1%          1
b - Scorch                Fire           30%        2d6       2%          2
c - Conjure Flame         Conj/Fire      13%        6-21      6%          3
d - Call Canine Familiar  Summ           2%         N/A       21%         3

Your spell library contained the following spells:

 Spells                   Type           Power      Damage    Failure   Level
 Inner Flame              Hex/Fire       9%         N/A       10%         3
 Portal Projectile        Hex/Tloc       4%         N/A       21%         3
 Tukima's Dance           Hex            2%         N/A       21%         3
 Flame Wave               Conj/Fire      13%        2d6       21%         4
 Anguish                  Hex/Necr       1%         N/A       52%         4
 Leda's Liquefaction      Hex/Erth       1%         N/A       52%         4
 Enfeeble                 Hex            1%         N/A       100%        7
 Chain Lightning          Conj/Air       3%         3d4       100%        9
 Fire Storm               Conj/Fire      6%         8d2       100%        9
 Shatter                  Erth           1%         3d5*      100%        9


Dungeon Overview and Level Annotations

Branches:
Dungeon (4/15)
 Temple: D:4-7

Altars:

Annotations:
D:4 Menkaure


Innate Abilities, Weirdness & Mutations

Your serpentine skin is tough. (AC +1)
You have supernaturally acute eyesight. (SInv)
Armour fits poorly on your strangely shaped body.
Your system is resistant to poisons. (rPois)
You cover ground very slowly.
You can spit poison.
You have a snake-like lower body.


Message History

The hound is lightly wounded.
The foxfire hits the hound.
The hound is moderately wounded.
The hound barely misses you.
Menkaure rustles, "From dust you came, to dust you will return."
Menkaure points at you and mumbles some strange words.
You barely resist. The hound barely misses you.
You conjure some foxfire!
The foxfire hits Menkaure.
Menkaure is burned terribly!
Menkaure is moderately damaged.
The foxfire hits Menkaure.
Menkaure is burned terribly!
Menkaure is severely damaged.
The hound bites you. Menkaure hits you!
Unknown command.
You are too injured to fight recklessly!
Unknown command.
You are too injured to fight recklessly!
Unknown command.
You are too injured to fight recklessly!
Unknown command.
You are too injured to fight recklessly!
Unknown command.
Casting: Foxfire (safe; 1% risk of failure)
Confirm with . or Enter, or press ? or * to list all spells.
You conjure some foxfire!
The foxfire hits the hound but does no damage.
The hound is moderately wounded.
The foxfire hits the hound.
The hound is heavily wounded.
The hound bites you. The hound completely misses you.
Menkaure casts a spell at you. Pain shoots through your body!
Casting: Foxfire (safe; 1% risk of failure)
Confirm with . or Enter, or press ? or * to list all spells.
You conjure some foxfire!
The foxfire hits the hound.
The hound is severely wounded.
The foxfire hits Menkaure but does no damage.
Menkaure is severely damaged.
The hound barely misses you. Menkaure hits you!!
You die...

*,******,*** #.....#
*,*,......!* #.....#
*,*,[..,...* #.....#####
*,*,,......* #.#.......#
*,*,,,.....##### #.#.....#.#
*,*****#.#.....###.#.##.##.#
*,* *......<....#.#...#.#
*,* *##v.M..#####.#...#.#
*,* #§@h..# #.#...#.# *,*
#§.v..# #.#...#.# *,*
####### #.#...#.# *,*
#.#...... *,* #.#.....#
*,****** #.#...... *,*,,,,*
#.#......
*,*,,,,****#########.#..<...
*,,,,,,,,,,..........#######


You could see Menkaure (weak-willed, ally target) and a hound (weak-willed, ally
target).

Vanquished Creatures
  Natasha (twice) (D:3)
  2 adders (D:2)
  2 worms (D:2)
  4 dart slugs
  An orc (D:3)
  6 endoplasms
  A giant cockroach (D:2)
  2 goblins (D:1)
  4 hobgoblins
  7 jackals
  6 kobolds
  3 quokkas
  3 ball pythons
  6 bats
  2 frilled lizards
  3 rats
54 creatures vanquished.

Vanquished Creatures (others)
  285 foxfires
285 creatures vanquished.

Grand Total: 339 creatures vanquished

Notes
Turn   | Place    | Note
-------+----------+-------------------------------------------
     0 | D:1      | dorian the Naga Fire Elementalist began the quest for the
                  | Orb.
     0 | D:1      | Reached XP level 1. HP: 15/15 MP: 3/3
   345 | D:1      | Reached XP level 2. HP: 22/22 MP: 0/5
  1048 | D:1      | Reached XP level 3. HP: 28/28 MP: 2/6
  2296 | D:2      | Reached XP level 4. HP: 36/36 MP: 7/7
  2332 | D:2      | Reached skill level 4 in Stealth
  3624 | D:3      | Noticed Natasha
  3631 | D:3      | Killed Natasha
  3831 | D:3      | Noticed Natasha
  3846 | D:3      | HP: 1/36 [Natasha (3)]
  3848 | D:3      | Killed Natasha
  3849 | D:3      | Reached XP level 5. HP: 1/42 MP: 9/9
  4250 | D:3      | Learned a level 2 spell: Scorch
  4254 | D:3      | Learned a level 3 spell: Conjure Flame
  4258 | D:3      | Learned a level 3 spell: Call Canine Familiar
  4363 | D:4      | Noticed Menkaure
  4377 | D:4      | Slain by Menkaure

Illustrated notes

Levels and vault maps discovered:
D:1:      minmay_arrival_loop, layout_basic, minmay_domino_2
D:2:      layout_loops_corners
D:3:      layout_loops_corners, uniq_natasha
D:4:      layout_basic, uniq_pikel, uniq_menkaure

Skill      XL: |  1  2  3  4 |
---------------+-------------+-----
Dodging        | 2 |  2.3
Stealth        | 4 |  4.5
Conjurations   | 2 |  2.1
Spellcasting   | |  2.7
Fire Magic     | |  3.7

Action                   |  1- 3 |  4- 6 || total
-------------------------+-------+-------++-------
Melee: Unarmed           |    33 |    13 ||    46
       Punch             |     1 |       ||     1
 Cast: Foxfire           |    96 |    90 ||   186
 Abil: Spit Poison       |     3 |     2 ||     5
  Use: Scroll            |       |     4 ||     4
 Stab: Sleeping          |     1 |     1 ||     2
Armor: Robe              |     8 |     5 ||    13
Dodge: Dodged            |    32 |    16 ||    48
